 Dungeon Crawl Stone Soup version 0.28-a0-60-g54b5640690 (webtiles) character file.

Game seed: 8960640117541407725

1304 Spaninq the Grappler (level 8, -11/80 HPs)
             Began as a Troll Warper on July 30, 2021.
             Was a Believer of Makhleb.
             Mangled by Maggie (15 damage)
             ... on level 6 of the Dungeon.
             The game lasted 00:08:30 (3916 turns).

Spaninq the Grappler (Troll Warper)                 Turns: 3916, Time: 00:08:30

Health: -11/80     AC:  4    Str: 22    XL:     8   Next: 31%
Magic:  8/8        EV:  9    Int:  9    God:    Makhleb [**....]
Gold:   199        SH:  0    Dex:  9    Spells: 9/9 levels left

rFire   . . .      SeeInvis .     - Unarmed
rCold   . . .      Faith    .   (no shield)
rNeg    . . .      Spirit   .   a - +0 robe
rPois   .          Reflect  .   (helmet restricted)
rElec   .          Harm     .   (no cloak)
rCorr   .          Rampage  .   (gloves unavailable)
Will    +....                   (boots unavailable)
Stlth   +.........              (no amulet)
HPRegen 1.23/turn               o - ring of willpower
MPRegen 0.11/turn               (no ring)

@: mesmerised
A: large, unfitting armour, claws 3, regeneration 1, shaggy fur 1, tough skin 1
a: Renounce Religion, Minor Destruction


You were on level 6 of the Dungeon.
You worshipped Makhleb.
Makhleb was pleased with you.
You visited 2 branches of the dungeon, and saw 7 of its levels.

You collected 199 gold pieces.

Inventory:

Missiles
 c - 5 boomerangs of dispersal (quivered)
Armour
 a - a +0 robe (worn)
Jewellery
 o - a ring of willpower (left claw)
Wands
 n - a wand of polymorph (8)
 s - a wand of digging (6)
Scrolls
 b - 2 scrolls of blinking
 f - a scroll of torment {unknown}
 g - a scroll of enchant armour {unknown}
 j - 7 scrolls of identify {unknown}
 m - 2 scrolls of amnesia {unknown}
 r - a scroll of acquirement {unknown}
 t - 2 scrolls of teleportation {unknown}
 u - a scroll of holy word {unknown}
 v - a scroll of brand weapon {unknown}
Potions
 d - 2 potions of degeneration {unknown}
 e - 2 potions of invisibility {unknown}
 h - a potion of ambrosia {unknown}
 i - a potion of attraction {unknown}
 k - 2 potions of lignification {unknown}
 p - 3 potions of mutation {unknown}
 q - a potion of might {unknown}


   Skills:
 + Level 5.0 Fighting
 - Level 0.8 Throwing
 - Level 1.9 Dodging
 * Level 8.5 Unarmed Combat
 - Level 1.2 Spellcasting
 - Level 2.1 Translocations


You had 9 spell levels left.
You didn't know any spells.
Your spell library contained the following spells:

 Spells                   Type           Power      Damage    Failure   Level
 Blink                    Tloc           N/A        N/A       22%         2
 Animate Skeleton         Necr           0%         N/A       36%         1
 Pain                     Necr           0%         1d4       36%         1
 Gell's Gravitas          Tloc           2%         N/A       41%         3
 Lesser Beckoning         Tloc           2%         N/A       41%         3
 Teleport Other           Tloc           4%         N/A       41%         3
 Vampiric Draining        Necr           0%         2d6       73%         3
 Manifold Assault         Tloc           4%         N/A       99%         5


Dungeon Overview and Level Annotations

Branches:
Dungeon (6/15)             Temple (1/1) D:5

Altars:
Ashenzari
Cheibriados
Dithmenos
Elyvilon
Fedhas
Gozag
Hepliaklqana
Kikubaaqudgha
Makhleb
Nemelex Xobeh
Okawaru
Qazlal
Ru
Sif Muna
Trog
Uskayaw
Vehumet
Wu Jian
Xom
Yredelemnul
Zin
The Shining One
Beogh

Shops:
D:4 =

Annotations:
D:4 3 runed translucent doors, flotson's ghost, weakling DsDe
D:6 Maggie


Innate Abilities, Weirdness & Mutations

You are too large for most types of armour.
You have claws for hands.
Your natural rate of healing is unusually fast.
You are covered in fur. (AC +1)
You have tough skin. (AC +1)


Message History

Maggie hits you with a +2 halberd of distortion.
* * * LOW HITPOINT WARNING * * *
Space warps horribly around you!
* * * LOW HITPOINT WARNING * * *
You barely miss Maggie.
Maggie is almost dead.
Maggie drinks a potion.
Maggie is healed!
You feel much better.
Maggie hits you with a +2 halberd of distortion!!
* * * LOW HITPOINT WARNING * * *
Space bends around you.
* * * LOW HITPOINT WARNING * * *
You scratch Maggie.
Maggie is heavily wounded.
Maggie casts a spell.
Maggie draws you further into her thrall.
You barely miss Maggie.
Maggie is heavily wounded.
You barely miss Maggie.
Maggie is heavily wounded.
Maggie hits you with a +2 halberd of distortion!
* * * LOW HITPOINT WARNING * * *
Space bends around you.
* * * LOW HITPOINT WARNING * * *
You feel much better.
Maggie hits you with a +2 halberd of distortion!
* * * LOW HITPOINT WARNING * * *
Space bends around you.
* * * LOW HITPOINT WARNING * * *
Okay, then.
You completely miss Maggie.
Maggie is heavily wounded.
Maggie hits you with a +2 halberd of distortion!
* * * LOW HITPOINT WARNING * * *
Space bends around you.
* * * LOW HITPOINT WARNING * * *
You barely miss Maggie.
Maggie is heavily wounded.
Maggie hits you with a +2 halberd of distortion!
You die...

#...# #..#...... #...#
#..#.##.## #...#
#..#.##.## #...#
#........# #...#
####.###..
#######...########## #.#
#.......).......######.#
.....!..................
#.....@@........###.##.#
#.#####.#.####### #.##..
#.###.# #.##.# #.# #.#
#.##.# ## ## #.##.#
#..... #.#### #.#


You could see Maggie (mesmerising, corroded).

Vanquished Creatures
  An acid dragon (D:5)
  A water moccasin (D:5)
  An ice beast (D:5)
  2 necrophages
  An ogre (D:5)
  A bullfrog (D:6)
  2 scorpions
  A water moccasin zombie (D:6)
  4 hounds
  An orc priest (D:3)
  3 jellies
  2 iguanas (D:4)
  A hound skeleton (D:4)
  4 adders
  3 gnolls
  A white imp (D:5)
  An adder skeleton (D:4)
  2 worms
  2 dart slugs
  6 orcs
  7 endoplasms
  3 giant cockroaches
  12 goblins
  2 hobgoblins
  12 jackals
  3 quokkas
  9 ball pythons
  7 bats
  4 frilled lizards
  9 kobolds
  A quokka skeleton (D:4)
  6 rats
115 creatures vanquished.

Notes
Turn   | Place    | Note
-------+----------+-------------------------------------------
     0 | D:1      | Spaninq the Troll Warper began the quest for the Orb.
     0 | D:1      | Reached XP level 1. HP: 19/19 MP: 1/1
   308 | D:1      | Reached XP level 2. HP: 28/28 MP: 2/2
   519 | D:1      | Reached skill level 3 in Unarmed Combat
   580 | D:1      | Reached XP level 3. HP: 32/35 MP: 3/3
  1588 | D:3      | Reached XP level 4. HP: 42/44 MP: 4/4
  1734 | D:3      | Reached skill level 4 in Unarmed Combat
  1751 | D:3      | Reached XP level 5. HP: 43/50 MP: 5/5
  1765 | D:3      | Found a faded altar of an unknown god.
  1779 | D:3      | Became a worshipper of Makhleb the Destroyer
  1779 | D:3      | Reached * piety under Makhleb
  1924 | D:3      | Found a shimmering blue altar of Sif Muna.
  2303 | D:4      | Reached skill level 5 in Unarmed Combat
  2405 | D:4      | Reached XP level 6. HP: 41/61 MP: 6/6
  2428 | D:4      | Found Ryoj's Jewellery Emporium.
  2623 | D:4      | Found a runed translucent gate.
  2623 | D:4      | Found a runed translucent gate.
  2623 | D:4      | Found a runed translucent gate.
  2626 | D:4      | Noticed flotson's ghost (weakling DsDe)
  2633 | D:4      | Noticed an orc warrior
  2824 | D:5      | Entered Level 5 of the Dungeon
  2824 | D:5      | Noticed an acid dragon
  2831 | D:5      | Killed an acid dragon
  2832 | D:5      | Reached skill level 6 in Unarmed Combat
  2838 | D:4      | Reached XP level 7. HP: 38/68 MP: 7/7
  2910 | D:5      | Reached ** piety under Makhleb
  2971 | D:5      | Reached skill level 7 in Unarmed Combat
  3228 | D:5      | Found a staircase to the Ecumenical Temple.
  3233 | Temple   | Entered the Ecumenical Temple
  3557 | D:5      | Reached skill level 8 in Unarmed Combat
  3557 | D:5      | Reached XP level 8. HP: 70/79 MP: 8/8
  3796 | D:6      | Reached skill level 5 in Fighting
  3898 | D:6      | Noticed Maggie
  3915 | D:6      | HP: 3/80 [Maggie (6)]
  3916 | D:6      | Mangled by Maggie

Illustrated notes

Levels and vault maps discovered:
D:1:      psy_arrival_basics, layout_loops_corners, serial_forest,
          infiniplex_forest_clump_small, infiniplex_forest_lined_room_2,
          infiniplex_forest_end_3, infiniplex_forest_clump_curved,
          infiniplex_forest_end_3, infiniplex_forest_straight_1,
          infiniplex_forest_lined_corner, infiniplex_forest_straight_3,
          solitary_fountain
D:2:      layout_rooms
D:3:      minmay_spotlight, layout_basic, lemuel_round_altar,
          ebering_ecumenical_altar_box, supply_closet_lemuel, minmay_liquid_box,
          minmay_misc_feat_doors
D:4:      layout_cave_pools, serial_shops, shop, biasface_ghost_orc_armoury
D:5:      layout_rooms, temple_doors_e, kennysheep_generic_room_12
D:6:      layout_loops_cross, uniq_maggie
Temple:   kilobyte_greek_temple

Skill      XL: |  1  2  3  4  5  6  7  8 |
---------------+-------------------------+-----
Fighting       | 2 3 4 5 |  5.0
Unarmed Combat | 3 4 5 6 8 |  8.5
Throwing       | |  0.8
Dodging        | |  1.9
Spellcasting   | |  1.2
Translocations | |  2.1

Action                   |  1- 3 |  4- 6 |  7- 9 || total
-------------------------+-------+-------+-------++-------
Melee: Unarmed           |   143 |   144 |    87 ||   374
       Punch             |       |     3 |     1 ||     4
Invok: Minor Destruction |       |       |     2 ||     2
  Use: Potion            |       |       |     5 ||     5
 Stab: Sleeping          |     1 |       |       ||     1
Armor: Robe              |    50 |    40 |    14 ||   104
Dodge: Dodged            |    56 |    56 |    27 ||   139

Table legend: (Time is in decaauts)
 A = Elapsed time spent in this place.
 B = Non-inter-level travel time spent in this place.
 C = Inter-level travel time spent in this place.
 D = Time resting spent in this place.
 E = Time spent auto-exploring this place.
 F = Levels seen in this place.
 G = Mean time per level.
                   A        B        C        D        E       F      G
               +--------+--------+--------+--------+--------+-----+--------+
         Total |   3884 |   3754 |    130 |     78 |   2762 |   7 |  554.9 |
       Dungeon |   3719 |   3603 |    116 |     78 |   2612 |   6 |  619.8 |
        Temple |    165 |    151 |     14 |      0 |    150 |   1 |  165.0 |
               +--------+--------+--------+--------+--------+-----+--------+

Top non-repeatable levels by time:
     D:1: 1048 daAuts
     D:3: 722 daAuts
     D:4: 642 daAuts
     D:5: 617 daAuts
     D:2: 422 daAuts
     D:6: 267 daAuts
  Temple: 165 daAuts
